 Dungeon Crawl Stone Soup version 0.32-a0-673-g3729bd50f8 (webtiles) character file.

Game seed: 635052211504133391

326 porpoise the Shooter (level 6, -4/48 HPs)
             Began as a Human Hunter on Mar 10, 2024.
             Was an Initiate of Hepliaklqana.
             Slain by a gnoll
             ... wielding a +0 halberd
              (5 damage)
             ... on level 4 of the Dungeon.
             The game lasted 00:06:57 (2766 turns).

porpoise the Shooter (Human Hunter)                 Turns: 2766, Time: 00:06:57

Health: -4/48      AC:  6    Str: 11    XL:     6   Next: 49%
Magic:  6/6        EV: 12    Int:  6    God:    Hepliaklqana [......]
Gold:   185        SH:  0    Dex: 19    Spells: 5/5 levels left

rFire   . . .        a - +1 shortbow
rCold   + . .        (shield currently unavailable)
rNeg    + . .        c - +0 leather armour
rPois   +            j - +0 helmet
rElec   .            i - +1 cloak "Liac" {rPois Will+++ Int-3 Stlth+}
rCorr   .            (no gloves)
SInv    .            (no boots)
Will    +++..        (no amulet)
Stlth   +++          n - ring of positive energy
HPRegen 0.28/turn    p - ring of protection from cold
MPRegen 0.10/turn

%: no passive effects
@: no status effects
A: explore regen
a: Renounce Religion


You were on level 4 of the Dungeon.
You worshipped Hepliaklqana.
Hepliaklqana was noncommittal.
You visited 1 branch of the dungeon, and saw 4 of its levels.

You collected 185 gold pieces.

Inventory:

Hand Weapons
 a - a +1 shortbow (weapon)
Armour
 c - a +0 leather armour (worn)
 i - the +1 cloak "Liac" (worn) {rPois Will+++ Int-3 Stlth+}
   (You found it on level 2 of the Dungeon)

   Int-3:     It affects your intelligence (-3).
   rPois:     It protects you from poison.
   Will+++:   It greatly increases your willpower.
   Stlth+:    It makes you more stealthy.
 j - a +0 helmet (worn)
Jewellery
 n - a ring of positive energy (left hand)
 p - a ring of protection from cold (right hand)
Scrolls
 b - a scroll of butterflies
 f - a scroll of blinking {unknown}
 h - a scroll of enchant weapon
 m - a scroll of noise {unknown}
 o - a scroll of vulnerability {unknown}
Potions
 d - a potion of lignification
 g - 2 potions of might
 k - 2 potions of enlightenment
 l - 2 potions of haste {unknown}


   Skills:
 + Level 3.7 Fighting
 - Level 6.0 Ranged Weapons
 - Level 2.0 Dodging
 + Level 3.5 Stealth


You had 5 spell levels left.
You didn't know any spells.
Your spell library contained the following spells:

 Spells                   Type           Power      Damage    Failure   Level
 Apportation              Tloc           0%         N/A       54%         1
 Summon Small Mammal      Summ           0%         N/A       54%         1
 Jinxbite                 Hex            0%         N/A       69%         2
 Lesser Beckoning         Tloc           0%         N/A       69%         2
 Call Canine Familiar     Summ           0%         N/A       89%         3
 Fugue of the Fallen      Necr           0%         N/A       89%         3
 Gell's Gravitas          Tloc           0%         N/A       89%         3
 Teleport Other           Tloc           0%         N/A       89%         3
 Martyr's Knell           Necr/Summ      0%         N/A       100%        4
 Summon Blazeheart Golem  Fire/Summ      0%         N/A       100%        4
 Alistair's Intoxication  Alch           0%         N/A       100%        5
 Borgnjor's Vile Clutch   Necr/Erth      0%         N/A       100%        5
 Iskenderun's Battlesphe  Conj           0%         2d6       100%        5


Dungeon Overview and Level Annotations

Branches:
Dungeon (4/15)
 Temple: D:4-7

Altars:
Gozag
Hepliaklqana
Nemelex Xobeh


Innate Abilities, Weirdness & Mutations

You regain HP and MP as you explore.


Message History

The gnoll closely misses you. The gnoll attacks as it pursues you!
The gnoll closely misses you.
You open the door. The gnoll hits you but does no damage.
The gnoll barely misses you. x2
A kobold comes into view. It is wielding a +0 dagger.
The gnoll attacks as it pursues you! The gnoll closely misses you.
The gnoll attacks as it pursues you! The gnoll hits you with a +0 flail!
There is an open door here.
The gnoll attacks as it pursues you! The gnoll completely misses you.
The gnoll attacks as it pursues you! The gnoll closely misses you.
You shoot an arrow.
The arrow hits the gnoll but does no damage.
The gnoll is heavily wounded.
The kobold shouts!
The kobold throws a stone.
The stone misses you.
The stone hits the gnoll.
The gnoll hits you with a +2 flail of protection!
The kobold throws a stone.
The stone misses you.
The stone hits the gnoll but does no damage.
The kobold throws a stone.
The stone hits you but does no damage.
The gnoll hits you with a +2 flail of protection!
* * * LOW HITPOINT WARNING * * *
The air fills with toxic fumes!
As you read the scroll labelled GOLLATHR WAAP, it crumbles to dust.
It was a scroll of poison.
The gnoll barely misses you.
Okay, then.
Unknown command.
You start resting.
A gnoll is nearby!
You open the door. You shoot an arrow. The arrow hits the gnoll.
The gnoll is heavily wounded.
The gnoll closely misses you.
The gnoll hits you from afar with a +0 halberd!
* * * LOW HITPOINT WARNING * * *
You shoot an arrow. The arrow barely misses the gnoll.
The gnoll hits you with a +2 flail of protection.
* * * LOW HITPOINT WARNING * * *
The gnoll hits you from afar with a +0 halberd.
You die...
Hepliaklqana delivers you to your ancestors.

## ... .... .....
........).#####
..........'@g.#
..........###g#
..........# #.#
..........# #.#
..........# #g#
........(## #.#
.......$..###.#####..
..........g.g....K...
......)...###.#######


You could see 2 gnolls.

Vanquished Creatures
  An ogre (D:2)
  A howler monkey (D:3)
  A bombardier beetle (D:4)
  Natasha (twice) (D:2)
  Robin (D:2)
  A gnoll (D:4)
  3 adders
  2 ribbon worms
  A dart slug (D:1)
  2 bats
  5 endoplasms
  3 giant cockroaches
  12 goblins
  7 hobgoblins
  4 jackals (D:2)
  4 kobolds
  4 quokkas
  2 ball pythons
  5 frilled lizards
  6 rats
  A spectral hobgoblin (D:2)
68 creatures vanquished.

Notes
Turn   | Place    | Note
-------+----------+-------------------------------------------
     0 | D:1      | porpoise the Human Hunter began the quest for the Orb.
     0 | D:1      | Reached XP level 1. HP: 16/16 MP: 1/1
    85 | D:1      | Reached XP level 2. HP: 19/22 MP: 2/2
   315 | D:1      | Reached XP level 3. HP: 28/28 MP: 3/3
   440 | D:2      | Got the Textbook on Necrotic Destruction
   524 | D:2      | Found a faded altar of an unknown god.
   601 | D:2      | Identified the +1 cloak "Liac" {rPois Will+++ Int-3 Stlth+}
   641 | D:2      | Noticed Natasha
   650 | D:2      | Killed Natasha
   651 | D:2      | Reached XP level 4. HP: 29/34 MP: 4/4
   748 | D:2      | Noticed Natasha
   759 | D:2      | Killed Natasha
   760 | D:2      | Reached skill level 5 in Ranged Weapons
   903 | D:2      | Noticed Robin
   919 | D:2      | Reached XP level 5. HP: 41/41 MP: 5/5
   932 | D:2      | Killed Robin
  1117 | D:2      | Noticed an ogre
  1538 | D:2      | Killed an ogre
  1857 | D:3      | Reached XP level 6. HP: 47/47 MP: 6/6
  1906 | D:3      | Found a hazy altar of Hepliaklqana.
  1910 | D:3      | Became a worshipper of Hepliaklqana the Forgotten
  2165 | D:3      | Found an opulent altar of Gozag.
  2530 | D:4      | Found a sparkling altar of Nemelex Xobeh.
  2670 | D:4      | Reached skill level 6 in Ranged Weapons
  2766 | D:4      | HP: 1/48 [gnoll/+2 flail of protection (6)]
  2766 | D:4      | Slain by a gnoll

Illustrated notes

Levels and vault maps discovered:
D:1:      shiori_arrival_maze, layout_basic
D:2:      layout_loops_corners, dreamdust_ecumenical_altar_drowned_temple,
          uniq_robin, uniq_natasha
D:3:      layout_basic, mainiacjoe_overflow_24_doors,
          nicolae_gozag_cash_rules_everything_around_me, serial_rivers,
          chequers_serial_rivers_micro_d, chequers_serial_rivers_micro_a,
          chequers_serial_rivers_micro_c, chequers_serial_rivers_large_a
D:4:      gammafunk_wand_slinger, layout_basic,
          mainiacjoe_overflow_six_doors_small, minmay_misc_feat_hallway

Skill      XL: |  1  2  3  4  5  6 |
---------------+-------------------+-----
Stealth        | 2 3 |  3.5
Ranged Weapons | 5 6 |  6.0
Fighting       | 3 |  3.7
Dodging        | |  2.0

Action                     |  1- 3 |  4- 6 || total
---------------------------+-------+-------++-------
   Fire: Shortbow          |    78 |   156 ||   234
    Use: Scroll            |       |     6 ||     6
 Armour: Leather armour    |    12 |    59 ||    71
  Dodge: Dodged            |    19 |    65 ||    84

Table legend: (Time is in decaauts)
 A = Elapsed time spent in this place.
 B = Non-inter-level travel time spent in this place.
 C = Inter-level travel time spent in this place.
 D = Time resting spent in this place.
 E = Time spent auto-exploring this place.
 F = Levels seen in this place.
 G = Mean time per level.
                   A        B        C        D        E       F      G
               +--------+--------+--------+--------+--------+-----+--------+
         Total |   2829 |   2756 |     73 |    410 |   1861 |   4 |  707.2 |
       Dungeon |   2829 |   2756 |     73 |    410 |   1861 |   4 |  707.2 |
               +--------+--------+--------+--------+--------+-----+--------+

Top non-repeatable levels by time:
     D:2: 1334 daAuts
     D:3: 769 daAuts
     D:1: 450 daAuts
     D:4: 275 daAuts
